 Dungeon Crawl Stone Soup version 0.18.1-1-g2f07953 (webtiles) character file.

243774 unimpressed the Executioner (level 19, -23/187 HPs)
             Began as a Minotaur Berserker on May 7, 2016.
             Was a High Priest of Trog.
             Annihilated by an Ice Fiend (37 damage)
             ... summoned by a deep elf demonologist
             ... on level 3 of the Elven Halls.
             The game lasted 02:10:20 (47364 turns).

unimpressed the Executioner (Minotaur Berserker)   Turns: 47364, Time: 02:10:20

Health: -23/187    AC: 40    Str: 37      XL:     19   Next: 13%
Magic:  7/7        EV: 14    Int:  4 (5)  God:    Trog [*****.]
Gold:   2074       SH:  0    Dex: 10      Spells: 0 memorised, 18 levels left

rFire  . . .     SeeInvis +     K - +6 battleaxe (antimagic)
rCold  . . .     Gourm    +     m - +10 plate armour of Immorality {-Cast rN+ Str+7}
rNeg   + . .     Faith    .     (shield currently unavailable)
rPois  .         Spirit   .     R - +0 hat {Int+3}
rElec  .         Dismiss  .     G - +0 cloak
rCorr  .         Reflect  .     O - +2 pair of gloves
SustAt .         Harm     .     g - +0 pair of boots
MR     ++++.     Clarity  +     C - amulet of the gourmand
Stlth  .......... NoCast   +    X - +4 ring of evasion
                                z - ring of see invisible

@: about to teleport, regenerating, drained, incredibly resistant to hostile
enchantments, extremely unstealthy
A: retaliatory headbutt, horns 2, icy blue scales 1, slimy green scales 1,
berserk 1, blurry vision 1, clarity, clumsy 1, deterioration 1, dopey 1, magic
resistance 1, regeneration 1, shaggy fur 1, strong 1
a: Berserk, Trog's Hand, Brothers in Arms, Burn Spellbooks, Renounce Religion
}: 1/15 runes: gossamer


You were on level 3 of the Elven Halls.
You worshipped Trog.
Trog was extremely pleased with you.
You were completely stuffed.

You visited 6 branches of the dungeon, and saw 35 of its levels.
You also visited: Ossuary.

You collected 3592 gold pieces.
You spent 1518 gold pieces at shops.

Inventory:

Hand Weapons
 a - a +5 battleaxe of flaming
 b - the +6 trident "Eduadd" {venom, *Confuse Str+7 Dex+8}
   (You found it on level 8 of the Dungeon)

   It poisons the flesh of those it strikes.
   It affects your strength (+7).
   It affects your dexterity (+8).
   It may confuse you when you take damage.
 d - a +2 executioner's axe of electrocution
 K - a +6 antimagic battleaxe (weapon)
Missiles
 w - 16 javelins of returning (quivered)
Armour
 g - a +0 pair of boots (worn)
 l - a +1 plate armour
 m - the +10 plate armour of Immorality (worn) {-Cast rN+ Str+7}
   (You bought it in a shop on level 1 of the Elven Halls)

   It affects your strength (+7).
   It protects you from negative energy.
   It prevents spellcasting.
 G - a +0 cloak (worn)
 I - the +5 chain mail "Citaecom" {MR+ Dex+8 Stlth+}
   (You found it on level 2 of the Shoals)

   It affects your dexterity (+8).
   It affects your resistance to hostile enchantments.
   It makes you more stealthy.
 O - a +2 pair of gloves (worn)
 R - a +0 hat of intelligence (worn)
Jewellery
 z - a ring of see invisible (left hand)
 C - an amulet of the gourmand (around neck)
 M - a +2 ring of intelligence
 Q - a +2 ring of intelligence
 S - an uncursed ring of flight {unknown}
 X - a +4 ring of evasion (right hand)
 Y - an uncursed ring of protection from magic
Wands
 c - a wand of teleportation (4/9)
 k - a wand of lightning (7/15)
 p - a wand of iceblast (7/15)
 r - a wand of iceblast (5/15)
 A - a wand of confusion (18/48)
 J - a wand of digging (14/24)
Scrolls
 i - 10 scrolls of remove curse
 t - 2 scrolls of fear
 v - 12 scrolls of teleportation
 y - 3 scrolls of fog
 E - 7 scrolls of identify
 F - a scroll of recharging
 H - 2 scrolls of magic mapping
 L - a scroll of blinking
Potions
 e - 11 potions of heal wounds
 f - 8 potions of curing
 j - 4 potions of agility
 o - 4 potions of might
 q - 4 potions of brilliance
 u - 3 potions of ambrosia
 x - 6 potions of flight
 D - a potion of invisibility
 N - a potion of cure mutation {unknown}
 V - 3 potions of haste
Comestibles
 h - a chunk of flesh
 n - a meat ration
 s - 21 fruits
 B - 2 royal jellies
 P - 2 bread rations


   Skills:
 + Level 20.6(20.1) Fighting
 + Level 24.3(23.8) Axes
 + Level 20.7(20.2) Armour
 - Level 2.1(1.8) Dodging
 + Level 6.6(6.2) Evocations


You had 18 spell levels left.
You didn't know any spells.

Dungeon Overview and Level Annotations

Branches:
Dungeon (15/15)            Temple (0/1) D:7            Lair (8/8) D:11
 Shoals (3/4) Lair:3       Spider (4/4) Lair:6        Slime (0/6) Lair:8
    Orc (2/2) D:11            Elf (3/3) Orc:2        Vaults (0/5) D:13
 Depths (0/5) D:15

Altars:
Fedhas
Makhleb
Okawaru
Ru
Trog
The Shining One
Beogh

Shops:
D:5 *   D:9 *   Orc:1 ?   Orc:2 ==([   Elf:1 *   Elf:2 (   Shoals:1 *

Portals:
Hell: Lair:8

Annotations:
Lair:8 exclusion: 3 oklob plants


Innate Abilities, Weirdness & Mutations

You reflexively headbutt those who attack you in melee.
You have a pair of horns on your head.
You are partially covered in icy blue scales (AC +1).
You are partially covered in slimy green scales (AC +2).
You tend to lose your temper in combat.
Scrolls take you a little longer to read.
You possess an exceptional clarity of mind.
You are clumsy. (Dex -2)
Your body sometimes deteriorates upon taking damage.
You are dopey. (Int -2)
You are resistant to hostile enchantments.
Your natural rate of healing is unusually fast.
You are covered in fur (AC +1).
Your muscles are strong. (Str +2)


Message History

The deep elf demonologist convulses! x2
You hear a shout! x2
You slice the Ice Fiend!!
The Ice Fiend's magic leaks into the air.
You headbutt the Ice Fiend!
The Ice Fiend is heavily wounded.
You slash the earth elemental!
The earth elemental is heavily damaged.
The deep elf demonologist mumbles some strange words.
The earth elemental barely misses you.
The deep elf elementalist points next to you and mumbles some strange words.
You hear rumbling.
You hear a screech!
You hear a roar!
You hit the Ice Fiend but do no damage.
The Ice Fiend is heavily wounded.
You slash the earth elemental!
The earth elemental is severely damaged.
The Ice Fiend claws you!
* * * LOW HITPOINT WARNING * * *
The Ice Fiend freezes you!!!
You die...

...#........#...'.........#...#
.(.#........#..)#.........#...#
...##'#######...###########...#
................[.............#
...................(..........#
..............E[..............#
...############ExE#############
...# #E# ...# #@# ...# #1# ...#
#e# ...# #e# ...# #e# ...#


2ee ...# eee ...# .*eee ...# ยง...e You could see a deep elf blademaster, an Ice
Fiend, a deep elf master archer, a green death, 3 deep elf annihilators, 2 deep
elf death magi, a deep elf elementalist, 2 deep elf demonologists, 4 earth
elementals, a small abomination and a lost soul.

Vanquished Creatures
  Asterion (Elf:3)
  Donald (Elf:3)
  2 ghost moths (Spider:4)
  A deep elf sorcerer (Elf:3)
  4 emperor scorpions
  A deep elf elementalist (Elf:3)
  A stone giant (Shoals:3)
  7 slime creatures
  A deep elf demonologist (Elf:3)
  The ghost of Twogk the Grappler, a journeyman TrMo of Okawaru (Lair:6)
  A dire elephant (Lair:8)
  2 spark wasps
  3 merfolk javelineers
  An ettin (Orc:1)
  5 merfolk impalers
  2 deep elf death magi (Elf:3)
  A deep elf high priest (Elf:3)
  Josephine (Lair:4)
  3 entropy weavers
  Fannar (D:11)
  An alligator snapping turtle (Shoals:3)
  Erolcha (D:11)
  9 hydras
  2 merfolk avatars
  A catoblepas (Lair:6)
  3 centaur warriors
  4 ogre magi
  24 dancing weapons
  3 satyrs
  2 tengu warriors
  A death yak (Lair:6)
  A hell knight (D:15)
  A sun demon (Lair:8)
  14 deep elf knights
  Nergalle (D:12)
  13 sea snakes
  11 hill giants
  6 deep elf archers
  2 unseen horrors
  Pikel (D:7)
  14 orb spiders
  A wizard (Lair:8)
  An orc knight (Orc:2)
  4 harpies (Shoals:1)
  A necromancer (D:13)
  11 fauns
  3 orc sorcerers
  4 griffons
  34 deep elf magi
  22 ugly things
  32 wolf spiders
  6 manticores
  9 cyclopes
  2 oklob plants
  2 moths of wrath
  2 hornets (Spider:4)
  A sixfirhy (Lair:8)
  8 sirens
  7 black mambas
  34 elephants
  3 water nymphs
  A torpor snail (shapeshifter) (D:15)
  A gargoyle (D:15)
  11 spiny frogs
  10 demonic crawlers
  2 rime drakes
  5 orange demons (Lair:8)
  A freezing wraith (D:14)
  A kobold demonologist (Lair:1)
  9 komodo dragons
  3 ice devils (Lair:8)
  A red devil (Lair:8)
  A tengu conjurer (D:14)
  A hellwing (Lair:8)
  A polar bear (Lair:8)
  A troll (shapeshifter) (D:13)
  10 trolls
  A wind drake (Shoals:1)
  23 merfolk
  37 jumping spiders
  6 two-headed ogres
  6 boulder beetles
  Prince Ribbit (D:6)
  19 blink frogs
  10 snapping turtles
  8 water elementals
  88 redbacks
  3 air elementals
  6 wyverns
  3 shadows (D:12)
  4 wraiths (Lair:4)
  30 tarantellas
  91 yaks
  7 basilisks
  3 fire elementals
  A human (D:7)
  Menkaure (D:4)
  17 hippogriffs
  3 hungry ghosts
  10 vampire mosquitoes
  A mottled dragon (D:13)
  2 wargs
  A hell hound (Lair:8)
  2 soldier ants (D:14)
  6 porcupines
  13 water moccasins
  2 slaves (D:7)
  2 phantoms
  6 ice beasts
  2 black bears
  A hornet simulacrum (D:15)
  23 orc warriors
  28 ogres
  7 sky beasts
  A necrophage (D:12)
  3 wasps
  A wolf (Lair:1)
  27 centaurs
  24 crocodiles
  2 big kobolds
  23 giant frogs
  5 water moccasin zombies (Ossuary)
  A wyvern skeleton (D:10)
  A scorpion (D:9)
  9 killer bees
  3 wights (D:10)
  3 electric eels
  4 howler monkeys
  2 vampire bats (Lair:1)
  4 crimson imps
  A centaur zombie (D:10)
  4 jellies
  2 giant frog zombies (D:5)
  19 orc priests
  A gnoll shaman (Orc:1)
  4 hounds
  33 orc wizards
  3 centaur skeletons
  7 iguanas
  Crazy Yiuf (D:4)
  9 worker ants
  Natasha (thrice) (D:2)
  30 sheep
  4 big kobold zombies (Ossuary)
  A hound zombie (D:9)
  3 hound skeletons
  2 mummies (Ossuary)
  A howler monkey zombie (D:7)
  2 worker ant zombies
  19 gnolls
  6 adders
  78 river rats
  4 shadow imps
  An ooze (D:6)
  3 adder zombies (Ossuary)
  3 worms
  3 dart slugs
  5 giant geckos
  130 orcs
  4 giant cockroaches
  2 gnoll zombies (Ossuary)
  4 goblins
  7 hobgoblins
  4 jackals (D:1)
  4 quokkas
  10 bats
  7 giant newts
  5 hobgoblin zombies (Ossuary)
  18 kobolds
  5 kobold zombies (Ossuary)
  5 orc zombies (Ossuary)
  7 rats
  A bush (Lair:1)
  2 fungi (Lair:7)
  A plant (Shoals:3)
  A spectral weapon (Elf:3)
1457 creatures vanquished.

Vanquished Creatures (collateral kills)
  Arachne (Spider:3)
  An orc warlord (Orc:2)
  2 emperor scorpions (Spider:4)
  A ghost moth (Spider:4)
  2 deep trolls (Orc:2)
  2 hornets (Spider:4)
  An orb spider (Spider:2)
  A cyclops (Orc:2)
  A moth of wrath (Spider:4)
  2 demonic crawlers (Spider:3)
  2 trolls (Orc:2)
  3 two-headed ogres (Orc:2)
  2 jumping spiders (Spider:4)
  3 redbacks (Spider:3)
  A warg (Orc:2)
  A wasp (Spider:4)
  3 ogres (Orc:2)
  3 orc warriors (Orc:2)
  An orc priest (Orc:2)
  An orc wizard (Orc:2)
  3 orcs (Orc:2)
37 creatures vanquished.

Vanquished Creatures (others)
  An entropy weaver (Spider:4)
  A deep elf knight (Elf:1)
  A deep elf mage (Elf:1)
  A harpy (Shoals:3)
  A redback (Spider:2)
  A sky beast (D:8)
  A slave (D:7)
  A gnoll (D:3)
  An adder skeleton (D:7)
  A hobgoblin (D:3)
  17 fungi
  12 plants
39 creatures vanquished.

Grand Total: 1533 creatures vanquished

Notes
Turn   | Place    | Note
--------------------------------------------------------------
     0 | D:1      | unimpressed the Minotaur Berserker began the quest for the Orb.
     0 | D:1      | Reached XP level 1. HP: 19/19 MP: 0/0
    32 | D:1      | Reached skill level 4 in Axes
    32 | D:1      | Reached XP level 2. HP: 2/26 MP: 1/1
   515 | D:1      | Reached skill level 5 in Axes
   595 | D:1      | Reached XP level 3. HP: 30/31 MP: 2/2
   626 | D:1      | Reached ** piety under Trog
   797 | D:1      | Found a glowing golden altar of the Shining One.
  1638 | D:2      | Noticed Natasha
  1641 | D:2      | Killed Natasha
  1641 | D:2      | Reached XP level 4. HP: 31/39 MP: 3/3
  1788 | D:2      | Found a bloodstained altar of Trog.
  1791 | D:2      | Reached skill level 6 in Axes
  1879 | D:2      | Found a bloodstained altar of Trog.
  1879 | D:2      | Found a blossoming altar of Fedhas.
  1948 | D:2      | Noticed Natasha
  1955 | D:2      | Killed Natasha
  1972 | D:2      | Noticed Natasha
  1976 | D:2      | Killed Natasha
  2192 | D:3      | Reached skill level 7 in Axes
  2192 | D:3      | Reached XP level 5. HP: 24/45 MP: 4/4
  2608 | D:3      | Reached skill level 8 in Axes
  2962 | D:4      | Noticed an ogre
  2979 | D:4      | Killed an ogre
  2979 | D:4      | Reached XP level 6. HP: 51/51 MP: 5/5
  3052 | D:4      | Reached skill level 9 in Axes
  3453 | D:4      | Reached XP level 7. HP: 57/57 MP: 6/6
  3557 | D:4      | Reached skill level 10 in Axes
  3730 | D:4      | Noticed Menkaure
  3738 | D:4      | Killed Menkaure
  3895 | D:4      | Noticed Crazy Yiuf
  3906 | D:4      | Killed Crazy Yiuf
  3964 | D:4      | Found an iron altar of Okawaru.
  3992 | D:4      | Reached skill level 11 in Axes
  4167 | D:5      | Entered Level 5 of the Dungeon
  4208 | D:5      | Found Zokhly's General Store.
  4217 | D:5      | Reached XP level 8. HP: 61/64 MP: 7/7
  4316 | D:5      | Reached *** piety under Trog
  4326 | D:5      | Found a sand-covered staircase.
  4334 | Ossuary  | Entered an ossuary
  4411 | Ossuary  | Reached skill level 12 in Axes
  4792 | D:5      | Reached skill level 13 in Axes
  5079 | D:5      | Gained mutation: You regenerate slowly when monsters are visible. [mutagenic meat]
  5080 | D:5      | Gained mutation: You are resistant to hostile enchantments. [mutagenic meat]
  5081 | D:5      | Gained mutation: You are weak. (Str -2) [mutagenic meat]
  5082 | D:5      | Gained mutation: You are partially covered in slimy green scales (AC +2). [mutagenic meat]
  5658 | D:6      | Noticed Prince Ribbit
  5669 | D:6      | Killed Prince Ribbit
  5669 | D:6      | Reached skill level 14 in Axes
  5669 | D:6      | Reached XP level 9. HP: 66/70 MP: 8/8
  5824 | D:6      | Reached **** piety under Trog
  6146 | D:7      | Gained mutation: Your body sometimes deteriorates upon taking damage. [mutagenic meat]
  6147 | D:7      | Gained mutation: You are highly resistant to hostile enchantments. [mutagenic meat]
  6191 | D:7      | Found a staircase to the Ecumenical Temple.
  6242 | D:7      | Noticed Pikel
  6252 | D:7      | Killed Pikel
  6252 | D:7      | Reached skill level 15 in Axes
  7059 | D:7      | Found a sacrificial altar of Ru.
  7064 | D:7      | Reached XP level 10. HP: 78/80 MP: 9/9
  7233 | D:8      | Reached skill level 5 in Fighting
  7272 | D:8      | Reached skill level 16 in Axes
  7281 | D:8      | Reached ***** piety under Trog
  7310 | D:8      | Gained mutation: You possess an exceptional clarity of mind. [mutagenic meat]
  7312 | D:8      | Gained mutation: You tend to lose your temper in combat. [mutagenic meat]
  7313 | D:8      | Gained mutation: You are dopey. (Int -2) [mutagenic meat]
  7314 | D:8      | Gained mutation: You have sharp toenails. [mutagenic meat]
  7458 | D:8      | Gained mutation: You are extremely resistant to the effects of hostile enchantments. [mutagenic meat]
  7460 | D:8      | Got a shimmering trident
  7461 | D:8      | Identified the +6 trident "Eduadd" {venom, *Confuse Str+7 Dex+8} (You found it on level 8 of the Dungeon)
  7927 | D:9      | Found Mempoa's Assorted Antiques.
  7942 | D:9      | Reached skill level 5 in Armour
  8123 | D:9      | Lost mutation: You regenerate slowly when monsters are visible. [mutagenic meat]
  8593 | D:9      | Noticed a cyclops
  8603 | D:9      | Killed a cyclops
  8905 | D:10     | Entered Level 10 of the Dungeon
  9003 | D:10     | Noticed a hill giant
  9011 | D:10     | Killed a hill giant
  9168 | D:10     | Reached XP level 11. HP: 94/94 MP: 10/10
  9205 | D:10     | Received a gift from Trog
  9711 | D:10     | Received a gift from Trog
  9983 | D:10     | Reached skill level 17 in Axes
 10252 | D:11     | Found a staircase to the Lair.
 10252 | D:11     | Noticed a hill giant
 10265 | D:11     | Killed a hill giant
 10269 | D:11     | Noticed an unseen horror
 10278 | D:11     | Killed an unseen horror
 10487 | D:11     | Noticed an eight-headed hydra
 10494 | D:11     | Killed an eight-headed hydra
 10556 | D:11     | Noticed a hill giant
 10562 | D:11     | Killed a hill giant
 10642 | D:11     | Noticed Erolcha
 10642 | D:11     | Noticed Fannar
 10667 | D:11     | Killed Erolcha
 10667 | D:11     | Reached skill level 10 in Fighting
 10672 | D:11     | Killed Fannar
 10922 | D:11     | Noticed a hill giant
 10926 | D:11     | Killed a hill giant
 10926 | D:11     | Reached skill level 10 in Armour
 10929 | D:11     | Received a gift from Trog
 11114 | D:11     | Found a staircase to the Orcish Mines.
 11115 | D:11     | Reached XP level 12. HP: 83/107 MP: 11/11
 11388 | D:11     | Gained mutation: Your body often deteriorates upon taking damage. [mutagenic meat]
 11390 | D:11     | Gained mutation: You have very sharp teeth. [mutagenic meat]
 11391 | D:11     | Gained mutation: Scrolls take you a little longer to read. [mutagenic meat]
 11711 | Lair:1   | Entered Level 1 of the Lair of Beasts
 11806 | Lair:1   | Reached skill level 18 in Axes
 13021 | Lair:1   | Received a gift from Trog
 14072 | Lair:2   | Noticed a seven-headed hydra
 14083 | Lair:2   | Killed a seven-headed hydra
 14677 | Lair:3   | Reached XP level 13. HP: 119/119 MP: 12/12
 14701 | Lair:3   | Found a staircase to the Shoals.
 14954 | Lair:3   | Received a gift from Trog
 15320 | Lair:3   | Reached skill level 19 in Axes
 16350 | Lair:4   | Noticed Josephine
 16367 | Lair:4   | Killed Josephine
 16522 | Lair:4   | Received a gift from Trog
 16538 | Lair:4   | Reached ****** piety under Trog
 18447 | Lair:1   | Gained mutation: You expend magic power (3 MP) to strengthen your wands. [potion of mutation]
 18448 | Lair:1   | Lost mutation: Scrolls take you a little longer to read. [potion of mutation]
 18449 | Lair:1   | Gained mutation: You are clumsy. (Dex -2) [potion of mutation]
 18449 | Lair:1   | Gained mutation: Your natural rate of healing is unusually fast. [potion of mutation]
 18450 | Lair:1   | Lost mutation: You are extremely resistant to the effects of hostile enchantments. [potion of mutation]
 18450 | Lair:1   | Lost mutation: You are highly resistant to hostile enchantments. [potion of mutation]
 18772 | Lair:6   | Reached XP level 14. HP: 132/132 MP: 13/13
 18780 | Lair:6   | Received a gift from Trog
 18812 | Lair:6   | Noticed Twogk's ghost (journeyman TrMo)
 18828 | Lair:6   | Killed Twogk's ghost
 19313 | Lair:6   | Reached skill level 20 in Axes
 19889 | Lair:6   | Found a hole to the Spider Nest.
 21065 | Lair:7   | Reached skill level 15 in Fighting
 21277 | Lair:8   | Entered Level 8 of the Lair of Beasts
 21470 | Lair:8   | Reached skill level 15 in Armour
 21473 | Lair:8   | Received a gift from Trog
 22131 | Lair:8   | Found a burning altar of Makhleb.
 22368 | Lair:8   | Found a gateway to Hell.
 22723 | Lair:8   | Gained mutation: You are partially covered in icy blue scales (AC +1). [potion of mutation]
 22723 | Lair:8   | Lost mutation: You are weak. (Str -2) [potion of mutation]
 23019 | Lair:1   | Gained mutation: Your muscles are strong. (Str +2) [potion of beneficial mutation]
 23020 | Lair:1   | Lost mutation: You are dopey. (Int -2) [potion of beneficial mutation]
 23429 | Lair:1   | Reached XP level 15. HP: 143/143 MP: 14/14
 24140 | Lair:8   | Found a staircase to the Slime Pits.
 25005 | D:12     | Found a roughly hewn altar of Beogh.
 25049 | D:12     | Received a gift from Trog
 25548 | D:12     | Reached skill level 21 in Axes
 25699 | D:12     | Noticed Nergalle
 25705 | D:12     | Killed Nergalle
 26215 | D:13     | Found a gate to the Vaults.
 26472 | D:14     | Received a gift from Trog
 26473 | D:14     | Got an ivory halberd {god gift}
 26474 | D:14     | Identified the +2 halberd "Kijaism" {speed, Stlth+} (Trog gifted it to you on level 14 of the Dungeon)
 27064 | D:15     | Entered Level 15 of the Dungeon
 27196 | D:15     | Gained mutation: Scrolls take you a little longer to read. [mutagenic meat]
 27493 | D:15     | Found a staircase to the Depths.
 27638 | D:15     | Lost mutation: You expend magic power (3 MP) to strengthen your wands. [mutagenic meat]
 27640 | D:15     | Lost mutation: You have sharp toenails. [mutagenic meat]
 27642 | D:15     | Gained mutation: You are dopey. (Int -2) [mutagenic meat]
 28144 | D:14     | Received a gift from Trog
 28297 | Orc:1    | Entered Level 1 of the Orcish Mines
 28355 | Orc:1    | Reached XP level 16. HP: 154/155 MP: 15/15
 28481 | Orc:1    | Found Xiuva's Magic Scroll Emporium.
 28941 | Orc:2    | Entered Level 2 of the Orcish Mines
 28963 | Orc:2    | Received a gift from Trog
 29189 | Orc:2    | Lost intelligence.
 29737 | Orc:2    | Found Tuczalic's Jewellery Shop.
 29745 | Orc:2    | Found Jelatrofi's Jewellery Shop.
 29795 | Orc:2    | Reached skill level 22 in Axes
 29799 | Orc:2    | Found Yruowoemi's Antique Weapon Emporium.
 29799 | Orc:2    | Found a staircase to the Elven Halls.
 29805 | Orc:2    | Found Vuqugrei's Armour Boutique.
 29818 | Orc:2    | Received a gift from Trog
 29836 | Orc:2    | Bought a +0 hat of intelligence for 132 gold pieces
 30320 | Spider:1 | Entered Level 1 of the Spider Nest
 31782 | Spider:2 | Received a gift from Trog
 32074 | Spider:2 | Received a gift from Trog
 34276 | Spider:3 | Reached XP level 17. HP: 143/166 MP: 16/16
 34310 | Spider:3 | Noticed Arachne
 34323 | Spider:3 | Killed Arachne
 35010 | Spider:4 | Entered Level 4 of the Spider Nest
 35034 | Spider:4 | Received a gift from Trog
 36445 | Spider:4 | Reached skill level 23 in Axes
 37049 | Spider:4 | Paralysed by a hornet for 1 turns
 37076 | Spider:4 | Received a gift from Trog
 37307 | Spider:4 | Got a gossamer rune of Zot
 38460 | Shoals:1 | Entered Level 1 of the Shoals
 39095 | Shoals:1 | Found Mauf's Merry Market.
 39118 | Shoals:1 | Bought a potion of mutation for 50 gold pieces
 39118 | Shoals:1 | Bought a potion of mutation for 50 gold pieces
 39118 | Shoals:1 | Lost mutation: Your body often deteriorates upon taking damage. [potion of mutation]
 39119 | Shoals:1 | Gained mutation: You are covered in fur (AC +1). [potion of mutation]
 39119 | Shoals:1 | Lost mutation: You have very sharp teeth. [potion of mutation]
 39137 | Shoals:1 | Reached skill level 1 in Evocations
 39199 | Shoals:1 | Received a gift from Trog
 40520 | Shoals:2 | Reached XP level 18. HP: 91/177 MP: 19/19
 40532 | Shoals:2 | Received a gift from Trog
 40797 | Shoals:2 | Got a dazzling chain mail
 42380 | Shoals:3 | Identified the +5 chain mail "Citaecom" {MR+ Dex+8 Stlth+} (You found it on level 2 of the Shoals)
 43873 | Elf:1    | Entered Level 1 of the Elven Halls
 44140 | Elf:1    | Received a gift from Trog
 44428 | Elf:1    | Found Toth's General Store.
 44431 | Elf:1    | Bought the +10 plate armour of Immorality {-Cast rN+ Str+7} for 1286 gold pieces
 44685 | Elf:1    | Reached skill level 5 in Evocations
 44857 | Elf:2    | Reached skill level 24 in Axes
 45325 | Elf:2    | Found Najinkefuff's Weapon Shop.
 45667 | Elf:2    | Found a huge runed gate.
 45667 | Elf:2    | Found a huge runed gate.
 45667 | Elf:2    | Found a huge runed gate.
 45667 | Elf:2    | Found a huge runed gate.
 45667 | Elf:2    | Found a huge runed gate.
 45710 | Elf:2    | Received a gift from Trog
 46195 | Elf:2    | Reached XP level 19. HP: 180/187 MP: 7/22
 46280 | Elf:3    | Entered Level 3 of the Elven Halls
 46337 | Elf:3    | Noticed Asterion
 46351 | Elf:3    | Killed Asterion
 46392 | Elf:3    | Noticed Donald
 46399 | Elf:3    | Killed Donald
 46828 | Elf:3    | Noticed a Tzitzimitl
 46829 | Elf:3    | Noticed a Tzitzimitl
 47364 | Elf:3    | Annihilated by an Ice Fiend

Skill      XL: |  1  2  3  4  5  6  7  8  9 10 11 12 13 14 15 16 17 18 |
---------------+-------------------------------------------------------+-----
Axes           | 4 5 7 8 9 11 14 15 16 17 18 19 20 21 22 23 24 | 24.3
Fighting       | 4 7 10 12 14 15 17 18 19 20 | 20.6
Armour         | 3 7 10 12 14 15 17 18 19 20 | 20.7
Evocations     | 2 6 |  6.6
Dodging        | |  2.1

Action                   |  1- 3 |  4- 6 |  7- 9 | 10-12 | 13-15 | 16-18 | 19-21 || total
-------------------------+-------+-------+-------+-------+-------+-------+-------++-------
Melee: Hand axe          |    69 |   103 |   370 |       |       |       |       ||   542
       Headbutt          |    14 |    23 |    97 |   230 |   593 |   426 |    18 ||  1401
       War axe           |       |       |    43 |    45 |       |       |       ||    88
       Trident           |       |       |       |   663 |  1682 |  1039 |       ||  3384
       Bite              |       |       |       |    41 |   313 |   159 |       ||   513
       Executioner's axe |       |       |       |       |       |   347 |       ||   347
       Battleaxe         |       |       |       |       |       |   253 |    61 ||   314
Throw: Javelin           |       |       |       |       |       |     3 |       ||     3
Invok: Berserk           |     2 |     3 |     4 |     2 |     1 |     1 |       ||    13
       Trog's Hand       |       |     3 |     3 |     7 |     3 |    19 |     3 ||    38
       Burn Spellbooks   |       |       |     1 |       |     1 |       |       ||     2
       Brothers in Arms  |       |       |       |     1 |       |     6 |     1 ||     8
Evoke: Wand              |       |       |       |       |     1 |       |     1 ||     2
  Use: Scroll            |       |     3 |     7 |     7 |    12 |     8 |       ||    37
       Potion            |       |       |       |       |    21 |     8 |     2 ||    31
 Stab: Sleeping          |     1 |       |       |       |       |       |       ||     1
       Distracted        |       |       |       |       |       |     3 |       ||     3
  Eat: Chunk             |     4 |     7 |    26 |    41 |    71 |    64 |     4 ||   217
       Fruit             |       |     1 |       |       |     1 |       |       ||     2
Armor: Animal skin       |    10 |       |       |       |       |       |       ||    10
       Chain mail        |    13 |    37 |   173 |   202 |       |    92 |       ||   517
       Plate armour      |       |       |       |    41 |   694 |   936 |    31 ||  1702
Dodge: Dodged            |    33 |    30 |   131 |   209 |   543 |   924 |    27 ||  1897
